 Dungeon Crawl Stone Soup version 0.17-a0-1202-g2dd280d (webtiles) character file.

420 Sly the Ruffian (level 6, 0/57 HPs)
             Began as a Minotaur Monk on June 3, 2015.
             Was a Believer of the Shining One.
             Succumbed to poison (a potion of poison)
             ... on level 5 of the Dungeon.
             The game lasted 00:32:48 (4236 turns).

Sly the Ruffian (Minotaur Monk)                     Turns: 4236, Time: 00:32:49

Health: 0/57       AC:  5    Str: 17    XL:     6   Next: 62%
Magic:  5/5        EV: 19    Int: 12    God:    the Shining One [**....]
Gold:   141        SH:  0    Dex: 18    Spells: 0 memorised, 5 levels left

rFire  + . .     SeeInvis .       - Unarmed
rCold  . . .     Clarity  .     Y - +0 ring mail
rNeg   + . .     SustAt   .     (no shield)
rPois  .         Gourm    .     (helmet restricted)
rElec  .         Spirit   .     (no cloak)
rCorr  +         Warding  .     (no gloves)
rMut   .         Stasis   .     (no boots)
MR     .....                    D - amulet of resist corrosion
Stlth  +.........               g - ring of protection from cold (curse)
                                f - ring of fire

@: brilliant, agile, lethally poisoned (0 -> -8), very slightly contaminated,
hasted, glowing, very quick, not resistant to hostile enchantments, very
unstealthy
A: retaliatory headbutt, horns 2
a: Divine Shield, Renounce Religion


You were on level 5 of the Dungeon.
You worshipped the Shining One.
The Shining One was pleased with you.
You were not hungry.

You visited 1 branch of the dungeon, and saw 5 of its levels.

You collected 141 gold pieces.

Inventory:

Hand weapons
 b - a +0 hand axe
 e - a +0 mace
 s - a +2 flail of protection
 w - a +0 hand axe
 y - a +0 mace
 G - a +0 rapier
 J - a +0 hand axe
 K - a +0 rapier
 Q - a cursed +0 dagger
 R - a +0 mace
 S - a +0 mace
 T - a +0 dagger
Missiles
 d - 5 javelins (quivered)
 p - 19 poisoned needles
 q - 14 sling bullets
 z - 4 tomahawks
 H - 13 arrows of frost
 V - 18 arrows
 W - 7 curare-tipped needles
Armour
 h - a +0 ring mail
 m - a cursed +0 robe
 n - a +0 ring mail
 o - a +0 robe
 t - a +0 leather armour
 M - a +0 robe
 U - a +0 leather armour
 Y - a +0 ring mail (worn)
Jewellery
 f - a ring of fire (left hand)
 g - a cursed ring of protection from cold (right hand)
 D - an amulet of resist corrosion (around neck)
Scrolls
 a - a scroll of recharging {unknown}
 i - a scroll of fear {unknown}
 j - a scroll of remove curse {unknown}
 l - 2 scrolls of amnesia {unknown}
 u - a scroll of enchant armour {unknown}
 C - a scroll of fog {unknown}
 E - a scroll of enchant weapon {unknown}
 I - 2 scrolls of identify {unknown}
 O - 2 scrolls of teleportation {unknown}
Potions
 k - a potion of poison
 x - a potion of agility
 A - a potion of brilliance
 B - a potion of degeneration {unknown}
 F - a potion of invisibility {unknown}
 L - 2 potions of curing {unknown}
 N - a potion of cancellation {unknown}
 P - a potion of mutation {unknown}
Comestibles
 c - 2 meat rations
 r - 3 beef jerkies
 v - 2 slices of pizza


   Skills:
 * Level 5.9 Fighting
 * Level 5.5 Dodging
 - Level 1.5 Stealth
 * Level 6.1 Unarmed Combat


You had 5 spell levels left.
You didn't know any spells.

Dungeon Overview and Level Annotations

Branches:
Dungeon (5/15)             Temple (0/1) D:4

Altars:
Cheibriados
The Shining One

Annotations:
D:5 Geomchi's ghost, experienced OpMo


Innate Abilities, Weirdness & Mutations

You reflexively headbutt those who attack you in melee.
You have a pair of horns on your head.


Message History

Drink which item? (? for menu, Esc to quit)
It was a potion of poison.
That liquid tasted very nasty...
You are lethally poisoned!
* * * LOW HITPOINT WARNING * * *
You feel sick. Geomchi's ghost barely misses you.
Drink which item? (? for menu, Esc to quit)
It was a potion of agility.
You feel agile all of a sudden.
* * * LOW HITPOINT WARNING * * *
You feel sick. The orc barely misses you. You furiously retaliate!
You headbutt the orc!
You kill the orc!
Geomchi's ghost says, "I break bones and crack skulls... with my bare hands."
Geomchi's ghost hits you.
* * * LOW HITPOINT WARNING * * *
Drink which item? (? for menu, Esc to quit)
It was a potion of brilliance.
You feel clever all of a sudden.
You die...

.#. .#. #
##.. #.# #..#
).### ...#
... #..# ##
#?###..#...##
#....@).!....
###.†W..5....
....#..#...#.
#.###...#
.... .. .#.#
##. ## #...#
#..## #..#


You could see Geomchi's ghost and a crimson imp.

Vanquished Creatures
  A scorpion (D:4)
  An orc priest (D:4)
  An iguana (D:4)
  A centaur skeleton (D:4)
  A hound (D:5)
  An orc wizard (D:4)
  A worker ant (D:4)
  A hound skeleton (D:4)
  12 adders
  An ooze (D:2)
  A worm (D:3)
  A giant gecko (D:3)
  10 orcs
  6 bats
  5 giant cockroaches
  10 goblins
  14 hobgoblins
  4 jackals
  2 quokkas (D:2)
  A ball python (D:1)
  8 giant newts
  A jackal zombie (D:5)
  9 kobolds
  8 rats
101 creatures vanquished.

Notes
Turn   | Place    | Note
--------------------------------------------------------------
     0 | D:1      | Sly the Minotaur Monk began the quest for the Orb.
     0 | D:1      | Reached XP level 1. HP: 19/19 MP: 0/0
   269 | D:1      | Reached XP level 2. HP: 27/27 MP: 1/1
   815 | D:1      | Reached XP level 3. HP: 33/33 MP: 2/2
  1004 | D:2      | Reached skill level 5 in Unarmed Combat
  1280 | D:2      | Found a snail-covered altar of Cheibriados.
  1295 | D:2      | Reached XP level 4. HP: 38/41 MP: 3/3
  2297 | D:3      | Reached skill level 5 in Fighting
  2440 | D:3      | Found a glowing golden altar of the Shining One.
  2498 | D:3      | Became a worshipper of the Shining One
  2498 | D:3      | Acquired the Shining One's first power
  2498 | D:3      | Acquired the Shining One's second power
  2689 | D:3      | Reached XP level 5. HP: 40/48 MP: 4/4
  3498 | D:4      | Reached skill level 5 in Dodging
  3498 | D:4      | Reached XP level 6. HP: 40/56 MP: 5/5
  3711 | D:4      | Found a staircase to the Ecumenical Temple.
  3948 | D:4      | Reached skill level 6 in Unarmed Combat
  4214 | D:5      | Entered Level 5 of the Dungeon
  4217 | D:5      | Noticed Geomchi's ghost (experienced OpMo)
  4235 | D:5      | HP: 1/57 [Geomchi's ghost (6)]
  4236 | D:5      | Succumbed to poison (a potion of poison)

Vault maps used:
D:1:      saegor_arrival_simple_f
D:2:      old_standard_altar, first_bread, grunt_ministairs_14
D:3:      tso_metal_star
D:4:      minmay_temple_entry_junction, hangedman_decor_clover_reticule
D:5:      nicolae_overflow_hidden_temple

Action                   |  1- 3 |  4- 6 || total
-------------------------+-------+-------++-------
Melee: Unarmed           |    44 |   143 ||   187
       Dagger            |    42 |       ||    42
  Use: Potion            |     1 |     4 ||     5
 Stab: Sleeping          |     3 |       ||     3
  Eat: Bread ration      |     1 |     1 ||     2
       Pizza             |       |     1 ||     1
